Map: Kairos Junction LE

Players

souL

  • Race: Terran Terran
  • Spawn Location: 5:00

Hellraiser - Winner!

  • Race: Protoss Protoss
  • Spawn Location: 11:00

Event: 2019 WCS Summer

VOD

Have the link to the VOD?

Description

Time

  • Played on: July 12, 2019, 7:05 a.m.
  • Length: 10:28

All games in this series

Show
View Real Time Build Order
Export as new Build Order

souL Terran 

Build Orders:  

Get SALT Encoding   

  12  0:00  SCV  
  13  0:12  SCV  
  14  0:17  Supply Depot  
  14  0:25  SCV  
  15  0:39  SCV  
  15  0:41  Barracks  
  16  0:51  SCV  
  16  0:52  Refinery  
  17  1:03  SCV  
  18  1:05  Engineering Bay  
  18  1:17  SCV  
  19  1:29  Orbital Command, Marine  
  20  1:47  Marine  
  21  1:56  SCV  
  22  2:03  Command Center  
  22  2:07  Barracks Reactor  
  22  2:13  SCV, Supply Depot  
  23  2:21  Bunker  
  23  2:32  Factory  
  23  2:34  SCV  
  24  2:43  Refinery  
  24  2:44  Marine x2  
  25  2:47  SCV  
  27  2:59  SCV  
  27  3:01  Marine x2  
  30  3:07  Bunker  
  30  3:11  SCV  
  31  3:16  Orbital Command  
  31  3:19  Starport  
  33  3:20  Widow Mine  
  33  3:23  SCV  
  33  3:25  Marine  
  34  3:27  Marine  
  34  3:34  Orbital Command  
  35  3:35  SCV  
  36  3:41  Factory Tech Lab  
  36  3:43  Marine  
  36  3:45  Marine  
  36  3:47  SCV  
  39  3:59  SCV  
  39  4:00  Viking  
  39  4:01  Marine, Supply Depot  
  43  4:04  SCV  
  44  4:11  SCV  
  44  4:17  SCV  
  45  4:20  Supply Depot  
  45  4:21  Marine  
  45  4:22  Siege Tank  
  45  4:23  SCV  
  49  4:28  Marine  
  49  4:29  SCV  
  51  4:33  Viking  
  51  4:35  SCV  
  51  4:37  Supply Depot  
  54  4:42  SCV  
  54  4:44  Marine  
  56  4:45  Marine  
  56  4:47  Supply Depot  
  56  4:48  SCV  
  58  4:54  SCV  
  59  5:00  SCV  
  59  5:03  Barracks  
  59  5:04  Barracks  
  59  5:05  Marine  
  59  5:06  Engineering Bay, SCV  
  62  5:10  Siege Tank  
  62  5:11  Starport Tech Lab  
  65  5:15  SCV  
  63  5:23  Marine  
  63  5:25  SCV  
  62  5:29  SCV  
  62  5:30  Marine  
  62  5:37  Bunker, SCV  
  62  5:41  SCV  
  62  5:42  Siege Tank  
  67  5:43  Terran Infantry Weapons Level 1  
  67  5:46  Marine, Raven, Refinery  
  68  5:50  SCV  
  68  5:53  Marine  
  68  5:54  SCV  
  60  6:00  Barracks Tech Lab  
  60  6:01  Barracks Tech Lab  
  56  6:05  Command Center  
  56  6:09  Marine, SCV x2  
  56  6:11  Marine  
  59  6:16  Refinery  
  57  6:20  Marine  
  57  6:21  Marine, SCV x2  
  59  6:27  Siege Tank, Marine  
  59  6:29  Marine  
  60  6:33  SCV  
  60  6:34  SCV  
  60  6:38  Marine  
  60  6:39  Marine  
  57  6:43  Stimpack  
  57  6:44  Combat Shield  
  57  6:46  SCV  
  56  6:48  Marine  
  56  6:50  Marine  
  57  6:56  Marine, SCV  
  59  7:06  Marine  
  59  7:18  Barracks  
  59  7:20  Orbital Command, Marine, Starport Reactor  
  59  7:22  Marine  
  60  7:23  Barracks  
  60  7:27  Marine  
  60  7:28  Marine, Engineering Bay  
  63  7:32  Engineering Bay  
  63  7:38  Marine, SCV  
  63  7:40  Marine  
  63  7:42  Terran Infantry Armor Level 1  
  66  7:44  Supply Depot  
  66  7:45  Marine, Supply Depot  
  66  7:46  Siege Tank, Marine  
  71  7:52  SCV x2  
  71  7:53  SCV  
  71  7:56  Marine  
  71  7:58  Marine, Supply Depot  
  76  7:59  Medivac  
  76  8:02  Medivac  
  76  8:03  Concussive Shells  
  80  8:09  Barracks Reactor  
  80  8:10  Marine, SCV x2  
  82  8:15  Marauder  
  85  8:21  Marauder  
  85  8:22  SCV x2  
  85  8:24  Orbital Command, Barracks Reactor  
  85  8:26  Marauder  
  89  8:34  SCV x2  
  89  8:36  Marauder  
  93  8:42  Marine  
  93  8:43  Barracks Reactor, Missile Turret  
  93  8:45  Missile Turret  
  93  8:46  SCV  
  93  8:47  Marauder  
  91  8:52  Marine  
  91  8:54  SCV  
  86  8:57  Marine  
  86  8:59  Marine  
  86  9:00  Widow Mine x2  
  86  9:02  SCV  
  90  9:09  Marauder  
  89  9:10  Marine  
  89  9:15  Marine  
  89  9:17  Marine  
  89  9:22  Medivac  
  89  9:23  Orbital Command  
  92  9:25  Medivac  
  92  9:27  Marine  
  92  9:28  Marine  
  92  9:30  Marine, Marauder  
  99  9:33  Marine  
  99  9:35  Marine  
  101  9:45  Marine  
  102  9:46  Marine  
  102  9:48  Marine  
  102  9:50  Marine  
  102  9:51  Marine  
  105  9:54  Marine  
  106  10:02  Marine  
  106  10:03  Marine  
  106  10:06  Marine  
  105  10:08  Marine  
  105  10:09  Marine  
Show
View Real Time Build Order
Export as new Build Order

Hellraiser Protoss - Winner!

Build Orders: Oracle Opening, Blink Stalkers 

Get SALT Encoding   

  12  0:00  Probe  
  13  0:12  Probe  
  14  0:18  Pylon  
  14  0:21  Probe  
  15  0:32  Probe  
  15  0:36  Gateway  
  15  0:42  Probe  
  16  0:45  Assimilator  
  17  0:54  Probe  
  18  1:06  Probe  
  19  1:18  Probe  
  19  1:24  Cybernetics Core  
  19  1:25  Zealot, Assimilator  
  22  1:27  Pylon  
  22  1:30  Probe  
  23  1:45  Probe  
  24  1:50  Assimilator  
  24  1:51  Adept  
  24  1:58  Probe  
  26  2:10  Probe  
  26  2:11  Stargate  
  27  2:22  Probe  
  28  2:37  Nexus  
  28  2:44  Oracle, Pylon  
  28  2:54  Warp Gate  
  31  3:02  Probe  
  32  3:12  Oracle  
  32  3:14  Probe  
  33  3:27  Probe  
  37  3:32  Gateway  
  37  3:35  Twilight Council  
  37  3:39  Probe  
  38  3:49  Probe  
  38  3:51  Probe  
  38  3:55  Blink  
  40  3:57  Probe  
  41  4:03  Probe  
  41  4:05  Gateway  
  41  4:07  Probe  
  41  4:08  Pylon  
  43  4:15  Probe  
  42  4:21  Probe  
  43  4:27  Probe  
  43  4:29  Pylon  
  44  4:33  Probe  
  45  4:39  Probe  
  45  4:42  Stalker x2  
  45  4:45  Probe, Robotics Facility  
  51  4:49  Assimilator  
  51  4:51  Probe  
  52  4:57  Probe  
  53  5:03  Stalker, Probe  
  53  5:05  Stalker  
  58  5:07  Stalker  
  58  5:09  Probe  
  58  5:12  Shield Battery  
  61  5:15  Probe  
  62  5:21  Probe  
  62  5:25  Shield Battery  
  62  5:26  Shield Battery  
  63  5:32  Stalker x2  
  63  5:34  Stalker  
  69  5:42  Pylon  
  61  5:57  Stalker x2  
  61  5:58  Stalker  
  65  6:04  Nexus  
  65  6:06  Charge  
  65  6:08  Probe x2  
  67  6:12  Assimilator  
  67  6:26  Probe x2  
  67  6:27  Dark Shrine  
  67  6:31  Gateway x2  
  69  6:38  Probe  
  62  6:42  Stalker x3  
  62  6:45  Probe  
  69  6:50  Probe  
  70  6:58  Probe  
  70  6:59  Forge  
  70  7:00  Forge  
  71  7:06  Observer  
  71  7:08  Gateway  
  67  7:10  Gateway  
  68  7:18  Gateway, Warp Prism  
  68  7:19  Pylon  
  68  7:21  Probe  
  71  7:25  Pylon  
  71  7:30  Probe, Protoss Ground Armor Level 1  
  71  7:31  Probe  
  71  7:33  Protoss Ground Weapons Level 1  
  71  7:34  Probe  
  74  7:42  Probe  
  74  7:43  Probe  
  76  7:46  Probe  
  76  7:48  Sentry  
  76  7:49  Zealot  
  76  7:50  Zealot  
  83  7:54  Zealot  
  83  7:55  Zealot  
  87  7:59  Probe  
  88  8:05  Pylon  
  88  8:12  Pylon  
  88  8:21  Dark Templar  
  88  8:22  Dark Templar x3  
  88  8:25  Zealot  
  88  8:26  Zealot x3  
  103  8:34  Nexus  
  103  8:51  Immortal  
  101  8:57  Zealot x2  
  101  8:58  Zealot x6  
  101  8:59  Pylon  
  115  9:20  Dark Templar  
  115  9:21  Dark Templar x3  
  115  9:23  Zealot x2, Dark Templar x2  
  131  9:27  Pylon  
  131  9:29  Archon x3  
  131  9:39  Observer  
  131  9:49  Photon Cannon  
  131  9:51  Photon Cannon  
  128  9:52  Pylon  
  128  9:55  Zealot x6  
  107  10:14  Zealot x2  
  107  10:18  Zealot x5  
  107  10:19  Zealot  
Tags
 
Add a new tag
Caveats
  • Supply blocks, unpowered buildings, or Contaminate may cause inaccurate times.
  • Supply counts are checked every 10 seconds.